 Dungeon Crawl Stone Soup version 0.20.0-10-g0535bb4 (webtiles) character file.

437 Soyweiser the Sneak (level 7, 0/43 HPs)
             Began as an Octopode Transmuter on June 7, 2017.
             Slain by an orc priest (3 damage)
             ... on level 5 of the Dungeon.
             The game lasted 00:18:32 (4865 turns).

Soyweiser the Sneak (Octopode Transmuter)           Turns: 4865, Time: 00:18:34

Health: 0/43       AC:  1    Str: 11    XL:     7   Next: 1%
Magic:  9/11       EV: 13    Int: 18    God:
Gold:   230        SH:  0    Dex: 13    Spells: 2/12 levels left

rFire    . . .     SeeInvis .     - Unarmed
rCold    . . .     Gourm    .   (no shield)
rNeg     . . .     Faith    .   (helmet restricted)
rPois    .         Spirit   .   (no amulet)
rElec    .         Reflect  .   e - +2 ring of slaying
rCorr    +         Harm     .   o - ring of resist corrosion
MR       .....                  k - +3 ring of intelligence
Stlth    ++++......             (no ring)
Regen    0.2/turn               (no ring)
MPRegen  0.2/turn               (no ring)
                                (no ring)
                                (no ring)

@: no status effects
A: almost no armour, stealthy swim, amphibious, 8 rings, constrict 8, camouflage
1, gelatinous body 1
a: no special abilities


You were on level 5 of the Dungeon.
You were near starving.

You visited 1 branch of the dungeon, and saw 6 of its levels.

You collected 230 gold pieces.

Inventory:

Hand Weapons
 l - a +0 dagger
Missiles
 a - 70 arrows
 m - 121 stones (quivered)
Jewellery
 e - a +2 ring of slaying (left tentacle)
 i - an uncursed ring of teleportation
 k - a +3 ring of intelligence (on tentacle)
 o - a ring of resist corrosion (right tentacle)
Wands
 n - a wand of lightning (4/15)
 q - a wand of iceblast (6/15)
Scrolls
 h - a scroll of remove curse
Potions
 d - a potion of mutation
 g - 2 potions of brilliance
 j - a potion of curing
 r - a potion of heal wounds {unknown}
 t - a potion of lignification {unknown}
 u - a potion of ambrosia {unknown}
Books
 b - a book of Changes

   Spells                             Type                      Level
   a - Beastly Appendage              Transmutation                1
   b - Sticks to Snakes               Transmutation                2
   c - Spider Form                    Transmutation/Poison         3
   d - Ice Form                       Ice/Transmutation            4
   e - Blade Hands                    Transmutation                5
Comestibles
 c - 4 bread rations
 f - a meat ration
 p - a royal jelly


   Skills:
 - Level 1.0 Fighting
 - Level 2.0 Dodging
 + Level 4.6 Stealth
 + Level 4.6 Unarmed Combat
 + Level 3.0 Spellcasting
 + Level 3.8 Transmutations
 + Level 2.6 Poison Magic


You had 2 spell levels left.
You knew the following spells:

 Your Spells              Type           Power        Failure   Level  Hunger
a - Beastly Appendage     Tmut           ###...       3%          1    None
b - Sticks to Snakes      Tmut           ###.....     5%          2    ##.....
c - Spider Form           Tmut/Pois      ##........   13%         3    ###....
d - Ice Form              Ice/Tmut       #.......     58%         4    ####...


Dungeon Overview and Level Annotations

Branches:
Dungeon (6/15)
 Temple: D:4-7

Altars:
Fedhas
Kikubaaqudgha
Okawaru
Qazlal
Trog
Vehumet


Innate Abilities, Weirdness & Mutations

You cannot wear most types of armour.
You are very stealthy in the water. (Stealth+)
You are amphibious.
You can wear up to eight rings at the same time.
You can use your tentacles to constrict eight enemies at once.
Your skin changes colour to match your surroundings (Stealth+).
Your rubbery body absorbs attacks. (AC +1, EV +1)


Message History

The orc wizard points at you and mumbles some strange words.
The puff of flame misses you.
The puff of flame hits the orc wizard.
The orc wizard hits you with a dagger. The orc priest closely misses you.
You climb upwards.
There is a stone staircase leading down here.
Unknown command.
Casting: Beastly Appendage
Confirm with . or Enter, or press ? or * to list all spells.
You create a snake!
You now have 70 arrows.
The orc wizard hits you with a dagger.
* * * LOW HITPOINT WARNING * * *
The orc priest looks satisfied for a moment.
The orc wizard barely misses you.
You tentacle-slap the orc wizard. Your grab misses the orc wizard.
The orc wizard is severely wounded.
The orc wizard gestures at you while chanting.
The puff of flame hits you!
* * * LOW HITPOINT WARNING * * *
The orc priest hits you.
You die...

##### #.# #...#
#.# #...# #.#.#
.# #...# #.#.# .#
#...# #.#.# .#
#..<####.#.# .#
#...#...)#.# .#
##.o.#S[..#.###.#
#..o@o....#.....#
#######...>....#
#..............+
#.#####........#
#........#
................
################


You could see an orc priest, 2 orc wizards and a friendly ball python.

Vanquished Creatures
  An orc priest (D:6)
  A bullfrog skeleton (D:4)
  Jessica (D:3)
  Natasha (twice) (D:3)
  3 orc wizards (D:4)
  2 worker ants (D:4)
  7 adders
  A gnoll (D:2)
  3 oozes
  2 worms (D:2)
  A dart slug (D:1)
  3 leopard geckos
  4 orcs
  7 bats
  A giant cockroach (D:3)
  10 goblins
  11 hobgoblins
  5 jackals
  2 quokkas (D:2)
  4 frilled lizards
  8 kobolds
  4 rats
83 creatures vanquished.

Vanquished Creatures (collateral kills)
  2 gnolls (D:2)
  An orc (D:4)
3 creatures vanquished.

Grand Total: 86 creatures vanquished

Notes
Turn   | Place    | Note
-------+----------+-------------------------------------------
     0 | D:1      | Soyweiser the Octopode Transmuter began the quest for the Orb.
     0 | D:1      | Reached XP level 1. HP: 13/13 MP: 3/3
   238 | D:2      | Reached skill level 1 in Stealth
   248 | D:2      | Reached XP level 2. HP: 15/18 MP: 3/5
   410 | D:1      | Reached XP level 3. HP: 21/23 MP: 4/6
   923 | D:1      | Learned a level 2 spell: Sticks to Snakes
  1327 | D:2      | Reached XP level 4. HP: 23/28 MP: 7/7
  1472 | D:2      | Found a stormy altar of Qazlal.
  1520 | D:2      | Found a blossoming altar of Fedhas.
  1526 | D:2      | Found an iron altar of Okawaru.
  1657 | D:2      | Found a bloodstained altar of Trog.
  1882 | D:2      | Found an ancient bone altar of Kikubaaqudgha.
  1885 | D:2      | Found a radiant altar of Vehumet.
  1892 | D:2      | Learned a level 3 spell: Spider Form
  1998 | D:3      | Reached XP level 5. HP: 19/33 MP: 8/8
  3463 | D:4      | Reached skill level 1 in Poison Magic
  3502 | D:3      | Noticed Jessica
  3512 | D:3      | Killed Jessica
  3512 | D:3      | Reached XP level 6. HP: 29/38 MP: 4/9
  3616 | D:3      | Noticed Natasha
  3622 | D:3      | Killed Natasha
  3915 | D:3      | Noticed Natasha
  3920 | D:3      | Killed Natasha
  3926 | D:3      | Learned a level 4 spell: Ice Form
  4530 | D:5      | Entered Level 5 of the Dungeon
  4861 | D:6      | Reached XP level 7. HP: 28/43 MP: 11/11
  4865 | D:5      | Slain by an orc priest

Skill      XL: |  1  2  3  4  5  6 |
---------------+-------------------+-----
Stealth        | 1 2 3 4 |  4.6
Transmutations | 3 |  3.8
Unarmed Combat | 4 |  4.6
Poison Magic   | 1 2 |  2.6
Spellcasting   | 3 |  3.0
Fighting       | |  1.0
Dodging        | |  2.0

Action                   |  1- 3 |  4- 6 |  7- 9 || total
-------------------------+-------+-------+-------++-------
Melee: Unarmed           |    83 |   131 |     1 ||   215
       Kick              |    15 |    11 |       ||    26
       Constrict         |    20 |    32 |       ||    52
       Tentacles         |    14 |    21 |       ||    35
       Punch             |       |     2 |       ||     2
 Cast: Beastly Appendage |     9 |    10 |       ||    19
       Sticks to Snakes  |     1 |    14 |     1 ||    16
  Use: Scroll            |       |    10 |       ||    10
       Potion            |       |     2 |       ||     2
 Stab: Sleeping          |     4 |    12 |       ||    16
       Distracted        |       |     2 |       ||     2
  Eat: Chunk             |     1 |     6 |       ||     7
       Meat ration       |       |     1 |       ||     1
Armor: Skin              |     9 |     8 |       ||    17
Dodge: Dodged            |    44 |    86 |     4 ||   134
